 Dungeon Crawl Stone Soup version 0.19.1-1-g22dce08 (webtiles) character file.

70 Korbac the Vexing (level 4, -3/30 HPs)
             Began as a Human Enchanter on Nov 3, 2016.
             Slain by a centaur (4 damage)
             ... on level 3 of the Dungeon on Jan 17, 2017.
             The game lasted 00:16:24 (2498 turns).

Korbac the Vexing (Human Enchanter)                 Turns: 2498, Time: 00:16:24

Health: -3/30      AC:  3    Str:  8    XL:     4   Next: 45%
Magic:  6/7        EV: 13    Int: 17    God:
Gold:   206        SH:  0    Dex: 13    Spells: 3 memorised, 1 level left

rFire  . . .     SeeInvis .     a - +1 dagger
rCold  . . .     Gourm    .     b - +1 robe
rNeg   . . .     Faith    .     (no shield)
rPois  .         Spirit   .     (no helmet)
rElec  .         Reflect  .     (no cloak)
rCorr  .         Harm     .     (no gloves)
MR     .....                    (no boots)
Stlth  ++........               (no amulet)
                                (no ring)
                                (no ring)

@: no status effects
A: no striking features
a: no special abilities


You were on level 3 of the Dungeon.
You were not hungry.

You visited 1 branch of the dungeon, and saw 3 of its levels.

You collected 206 gold pieces.

Inventory:

Hand Weapons
 a - a +1 dagger (weapon)
 j - a +0 dagger
Armour
 b - a +1 robe (worn)
Wands
 m - a wand of polymorph (14/24)
Scrolls
 e - a scroll of identify
 f - a scroll of amnesia
 g - a scroll of magic mapping
 l - a scroll of remove curse {unknown}
Potions
 i - a potion of agility {unknown}
Books
 c - a book of Maledictions

   Spells                             Type                      Level
   a - Corona                         Hexes                        1
   b - Ensorcelled Hibernation        Hexes/Ice                    2
   c - Confuse                        Hexes                        3
   d - Tukima's Dance                 Hexes                        3
   e - Dazzling Spray                 Conjuration/Hexes            3
Comestibles
 d - a bread ration
 h - 4 meat rations


   Skills:
 + Level 0.2 Fighting
 * Level 2.2 Short Blades
 * Level 2.6 Dodging
 - Level 3.0 Stealth
 * Level 2.3 Spellcasting
 * Level 3.6 Hexes


You had one spell level left.
You knew the following spells:

 Your Spells              Type           Power        Failure   Level  Hunger
a - Corona                Hex            ##.....      4%          1    #......
b - Ensorcelled Hibernat  Hex/Ice        #.....       17%         2    ##.....
c - Tukima's Dance        Hex            ##......     14%         3    ###....


Dungeon Overview and Level Annotations

Branches:
Dungeon (3/15)

Altars:
The Shining One


Message History

The centaur barely misses you.
You hit the centaur.
The centaur is heavily wounded.
The centaur closely misses you.
You hit the centaur.
The centaur is severely wounded.
The centaur stops glowing.
The centaur hits you.
* * * LOW HITPOINT WARNING * * *
The centaur hits you.
* * * LOW HITPOINT WARNING * * *
You hit the centaur.
The centaur is severely wounded.
The centaur barely misses you.
You hit the centaur but do no damage.
The centaur is severely wounded.
The centaur hits you but does no damage.
You hit the centaur.
The centaur is severely wounded.
The centaur hits you.
You die...

#......#.....#
#......#.....#
#......#.....#
#......#.....#
####......#.....#######
#......(.......(......#
..##......#...........#
#####(##...........###
#@####.##......... #c#
#.##.######## #g#
#.##.# #.# #.##.# ...
..##.# #.# #'# ...


You could see a centaur and a goblin.

Vanquished Creatures
  An adder (D:2)
  A worm (D:2)
  3 dart slugs (D:1)
  3 leopard geckos
  An orc (D:1)
  A giant cockroach (D:1)
  4 goblins
  7 hobgoblins
  6 jackals (D:2)
  3 bats
  A frilled lizard (D:2)
  9 kobolds
  8 rats
  2 fungi (D:1)
50 creatures vanquished.

Notes
Turn   | Place    | Note
-------+----------+-------------------------------------------
     0 | D:1      | Korbac the Human Enchanter began the quest for the Orb.
     0 | D:1      | Reached XP level 1. HP: 13/13 MP: 3/3
   248 | D:1      | Found a glowing golden altar of the Shining One.
   289 | D:1      | Reached XP level 2. HP: 12/19 MP: 0/5
   433 | D:1      | Learned a level 2 spell: Ensorcelled Hibernation
   729 | D:1      | Reached XP level 3. HP: 22/24 MP: 4/6
  1589 | D:2      | Reached XP level 4. HP: 26/30 MP: 3/7
  1590 | D:2      | Upgraded the game from 0.19.0-2-gae57169 to 0.19.1-1-g22dce08
  1826 | D:2      | Learned a level 3 spell: Tukima's Dance
  2051 | D:2      | HP: 1/30 [worm (7)]
  2484 | D:3      | Noticed a centaur
  2495 | D:3      | HP: 1/30 [centaur (3)]
  2498 | D:3      | Slain by a centaur

Skill      XL: |  1  2  3  4 |
---------------+-------------+-----
Short Blades   | 2 |  2.2
Fighting       | |  0.2
Dodging        | |  2.6
Stealth        | |  3.0
Spellcasting   | |  2.3
Hexes          | |  3.6

Action                   |  1- 3 |  4- 6 || total
-------------------------+-------+-------++-------
Melee: Dagger            |   187 |   115 ||   302
 Cast: Corona            |    19 |     8 ||    27
       Ensorcelled Hiber |     8 |     2 ||    10
       Tukima's Dance    |       |     2 ||     2
Evoke: Wand              |     1 |       ||     1
  Use: Potion            |     2 |       ||     2
       Scroll            |     1 |     2 ||     3
 Stab: Sleeping          |     9 |     1 ||    10
  Eat: Bread ration      |     1 |     1 ||     2
Armor: Robe              |    34 |    18 ||    52
Dodge: Dodged            |    98 |    80 ||   178
